 Dungeon Crawl Stone Soup version 0.18-a0-1497-g788d838 (webtiles) character file.

638 xeno23 the Sneak (level 7, 0/43 HPs)
             Began as a Kobold Assassin on Mar 4, 2016.
             Killed from afar by an orc wizard (9 damage)
             ... with a magic dart
             ... on level 4 of the Dungeon.
             The game lasted 00:14:57 (3313 turns).

xeno23 the Sneak (Kobold Assassin)                  Turns: 3313, Time: 00:14:59

Health: 0/43       AC:  7    Str:  9    XL:     7   Next: 80%
Magic:  7/7        EV: 15    Int:  9    God:
Gold:   200        SH:  0    Dex: 20    Spells: 2 memorised, 2 levels left

rFire  + . .     SeeInvis .     C - +0 rapier
rCold  . . .     Gourm    .     x - +0 ring mail
rNeg   . . .     Faith    .     (shield restricted)
rPois  .         Spirit   .     s - +0 helmet
rElec  .         Dismiss  .     d - +0 cloak
rCorr  .         Reflect  .     (no gloves)
SustAt .         Harm     .     (no boots)
MR     +....                    (no amulet)
Stlth  ++++......               y - ring of protection from magic
                                h - ring of protection from fire

@: somewhat resistant to hostile enchantments, stealthy
A: carnivore 3
a: no special abilities


You were on level 4 of the Dungeon.
You were very full.

You visited 1 branch of the dungeon, and saw 4 of its levels.

You collected 200 gold pieces.

Inventory:

Hand Weapons
 b - a +0 blowgun
 c - a +0 spear
 C - a +0 rapier (weapon)
Missiles
 e - 24 poisoned needles
 f - 2 curare-tipped needles
Armour
 d - a +0 cloak (worn)
 s - a +0 helmet (worn)
 v - a +0 leather armour
 x - a +0 ring mail (worn)
Jewellery
 h - a ring of protection from fire (left hand)
 y - a ring of protection from magic (right hand)
Scrolls
 j - a scroll of teleportation
 m - 2 scrolls of remove curse
 q - 2 scrolls of identify
 u - 2 scrolls of fog
 A - a scroll of blinking {unknown}
Potions
 k - 4 potions of agility
 p - 3 potions of degeneration
Books
 z - a book of Air

   Spells                             Type                      Level
   a - Shock                          Conjuration/Air              1
   b - Swiftness                      Charms/Air                   2
   c - Repel Missiles                 Charms/Air                   2
   d - Static Discharge               Conjuration/Air              3
   e - Lightning Bolt                 Conjuration/Air              5
Comestibles
 g - 4 meat rations
 i - 3 beef jerkies
 n - a slice of pizza


   Skills:
 + Level 4.0 Fighting
 + Level 5.4 Short Blades
 + Level 4.1 Throwing
 + Level 3.9 Dodging
 + Level 7.6 Stealth
 + Level 0.5 Charms
 + Level 1.0 Air Magic


You had 2 spell levels left.
You knew the following spells:

 Your Spells              Type           Power        Failure   Level  Hunger
a - Repel Missiles        Chrm/Air       #.....       96%         2    ###....
b - Swiftness             Chrm/Air       #.......     96%         2    ###....


Dungeon Overview and Level Annotations

Branches:
Dungeon (4/15)
 Temple: D:4-7

Altars:
Sif Muna

Annotations:
D:4 Azzok's ghost, amateur GrFi


Innate Abilities, Weirdness & Mutations

You are small and have problems with some larger weapons.
You are carnivorous and can eat meat at any time.


Message History

It was a potion of cancellation.
Your magical effects are unravelling.
You feel magically purged.
You feel a little less clever now.
You feel a little less agile now.
The orc priest mumbles some strange prayers to Beogh against you.
You resist with some effort. Something hits you but does no damage.
Read which item? (? for menu, Esc to quit)
As you read the scroll labeled NISHON TUHUARE, it crumbles to dust.
You feel aware of your surroundings.
It was a scroll of magic mapping.
You float gracefully downwards.
The orc priest closely misses you. Something hits you but does no damage.
Read which item? (? for menu, Esc to quit)
As you read the scroll labeled USIODOIRPHAWA, it crumbles to dust.
Your brain hurts!
It was a scroll of random uselessness.
The orc priest calls down the wrath of Beogh upon you.
You resist with some effort.
You hear some strange, mumbled words.
A magic dart appears from out of thin air!
The magic dart hits you!
You die...

#.##.##.##........#
#.......##........#
##########........#
#......†.# ###
#.....oo.###########.##
#...............†......
#####+##.###########.##
*****##.#{.....# #.#
*,,,,#..@o.....#*****#.#
*,,,,+..#..###...,,,,#.#
*,,,,##.#..#**,******###
*,,,,+.......,,*
*,,,,##.....#.,*
*,,,,*#####.#,.#******
**,,,,,,,,,..,,.,,,,,*
*,********...,*******
*,* *****,*,**


You could see an orc priest.

Vanquished Creatures
  Eustachio (D:4)
  An ogre (D:4)
  Purgy (D:3)
  A hound (D:4)
  2 worker ants (D:4)
  3 orc wizards (D:3)
  Robin (D:2)
  2 gnolls (D:3)
  3 adders (D:3)
  2 oozes (D:3)
  3 dart slugs
  A giant gecko (D:1)
  8 orcs
  5 giant cockroaches
  15 goblins
  12 hobgoblins
  A quokka (D:3)
  4 ball pythons
  13 bats
  2 giant newts
  A jackal zombie (D:4)
  4 kobolds
  8 rats
94 creatures vanquished.

Vanquished Creatures (others)
  An adder (D:4)
1 creature vanquished.

Grand Total: 95 creatures vanquished

Notes
Turn   | Place    | Note
--------------------------------------------------------------
     0 | D:1      | xeno23 the Kobold Assassin began the quest for the Orb.
     0 | D:1      | Reached XP level 1. HP: 12/12 MP: 1/1
   152 | D:1      | Reached XP level 2. HP: 12/17 MP: 2/2
   347 | D:1      | Reached XP level 3. HP: 18/22 MP: 3/3
   394 | D:1      | Reached skill level 6 in Stealth
   580 | D:2      | Noticed Robin
   726 | D:2      | Killed Robin
   735 | D:2      | Reached XP level 4. HP: 27/27 MP: 4/4
  1728 | D:3      | Reached XP level 5. HP: 9/32 MP: 5/5
  2190 | D:3      | Noticed Purgy
  2193 | D:3      | Killed Purgy
  2193 | D:3      | Reached XP level 6. HP: 37/37 MP: 6/6
  2461 | D:3      | Found a deep blue altar of Sif Muna.
  2539 | D:3      | Reached skill level 7 in Stealth
  2700 | D:4      | Noticed an ogre
  2707 | D:4      | Killed an ogre
  2707 | D:4      | Reached XP level 7. HP: 40/42 MP: 7/7
  2756 | D:4      | Noticed Azzok's ghost (amateur GrFi)
  2776 | D:4      | Reached skill level 5 in Short Blades
  3100 | D:4      | Learned a level 2 spell: Repel Missiles
  3108 | D:4      | Learned a level 2 spell: Swiftness
  3149 | D:4      | Noticed Eustachio
  3152 | D:4      | Killed Eustachio
  3284 | D:4      | HP: 2/43 [orc priest/divine providence (15)]
  3288 | D:4      | Reached skill level 1 in Air Magic
  3313 | D:4      | Killed from afar by an orc wizard

Vault maps used:
D:1:      lemuel_arrival_behind_the_door_large, grunt_decor_one_mirror
D:2:      lemuel_upstairs_altar, uniq_robin
D:3:      kennysheep_six_static_rooms, marbit_many_paths, first_bread,
          uniq_purgy
D:4:      uniq_eustachio, uniq_pikel

Skill      XL: |  1  2  3  4  5  6  7 |
---------------+----------------------+-----
Short Blades   | 3 4 5 |  5.4
Stealth        | 6 7 |  7.6
Dodging        | 2 3 |  3.9
Throwing       | 3 4 |  4.1
Fighting       | 3 4 |  4.0
Air Magic      | 1 |  1.0
Charms         | |  0.5

Action                   |  1- 3 |  4- 6 |  7- 9 || total
-------------------------+-------+-------+-------++-------
Melee: Dagger            |    95 |   201 |    26 ||   322
       Rapier            |       |       |    29 ||    29
 Fire: Blowgun           |     3 |       |     1 ||     4
  Use: Scroll            |       |     3 |     4 ||     7
       Potion            |       |       |     7 ||     7
 Stab: Sleeping          |    11 |    13 |     5 ||    29
  Eat: Chunk             |     3 |    11 |     1 ||    15
